 Dungeon Crawl Stone Soup version 0.29-a0-319-gad05b8d819 (webtiles) character file.

Game seed: 11708167995601444784

128 Ajdolov the Cudgeller (level 5, -1/51 HPs)
             Began as a Mayflytaur Cinder Acolyte on Apr 1, 2022.
             Was a High Priest of Ignis.
             Killed by divine providence
             ... invoked by an orc priest
              (11 damage)
             ... on level 4 of the Dungeon.
             The game lasted 00:04:16 (928 turns).

Ajdolov the Cudgeller (Mayflytaur Cinder Acolyte)    Turns: 928, Time: 00:04:16

Health: -1/51      AC:  6    Str: 17    XL:     5   Next: 12%
Magic:  8/8        EV: 10    Int: 15    God:    Ignis [*****.]
Gold:   78         SH:  0    Dex: 10    Spells: 6/6 levels left

rFire   + . .      SeeInvis .   a - -1 mace (flame)
rCold   . . .      Faith    .   (no shield)
rNeg    . . .      Spirit   .   l - +0 ring mail
rPois   .          Reflect  .   (no helmet)
rElec   .          Harm     .   (no cloak)
rCorr   .          Rampage  .   h - +0 pair of gloves
Will    .....                   (no boots)
Stlth   ..........              (no amulet)
HPRegen 0.17/turn               (no ring)
MPRegen 0.11/turn               (no ring)

@: flying
A: damage resistance, big wings, sense surroundings 1, short lifespan
a: Renounce Religion, Fiery Armour, Foxfire Swarm, Rising Flame


You were on level 4 of the Dungeon.
You worshipped Ignis.
Ignis was extremely pleased with you.
You visited 1 branch of the dungeon, and saw 4 of its levels.

You collected 78 gold pieces.

Inventory:

Hand Weapons
 a - a -1 mace of flaming (weapon)
Missiles
 r - 5 javelins (quivered)
Armour
 c - a +0 plate armour
 h - a +0 pair of gloves (worn)
 l - a +0 ring mail (worn)
Wands
 o - a wand of iceblast (6)
Scrolls
 b - a scroll of holy word {unknown}
 e - a scroll of immolation {unknown}
 g - 3 scrolls of identify {unknown}
 i - a scroll of noise {unknown}
 j - 2 scrolls of fear {unknown}
 m - a scroll of acquirement {unknown}
 p - a scroll of amnesia {unknown}
 q - a scroll of silence {unknown}
Potions
 d - a potion of resistance {unknown}
 f - a potion of flight {unknown}
 k - a potion of cancellation
 n - a potion of might {unknown}


   Skills:
 + Level 4.4 Fighting
 * Level 6.6 Maces & Flails
 - Level 1.3 Spellcasting
 - Level 3.2 Fire Magic


You had 6 spell levels left.
You didn't know any spells.
Your spell library contained the following spells:

 Spells                   Type           Power      Damage    Failure   Level
 Scorch                   Fire           20%        2d6       17%         2


Dungeon Overview and Level Annotations

Branches:
Dungeon (4/15)
 Temple: D:4-7

Altars:
Ashenzari
Dithmenos
Elyvilon
Gozag
Makhleb
Okawaru
Ru
Vehumet
Xom
Zin
The Shining One


Innate Abilities, Weirdness & Mutations

You are resistant to damage.
Your large and strong wings let you fly.
You passively map a small area around you.
You are easily found by Zot.


Message History

The orc priest closely misses you.
You hit the orc priest but do no damage.
The orc priest barely misses you.
You hit the orc priest but do no damage.
The orc priest hits you with a +0 trident.
You closely miss the orc priest.
The orc priest hits you but does no damage.
You hit the orc priest. You burn the orc priest.
The orc priest is moderately wounded.
The orc priest hits you with a +0 trident!
* * * LOW HITPOINT WARNING * * *
You hit the orc priest. You burn the orc priest.
The orc priest is moderately wounded.
The orc priest hits you with a +0 trident.
You hit the orc priest but do no damage.
The orc priest is moderately wounded.
The orc priest hits you with a +0 trident.
* * * LOW HITPOINT WARNING * * *
Unknown command.
You hit the orc priest but do no damage.
The orc priest is moderately wounded.
The orc priest barely misses you.
You hit the orc priest. You burn the orc priest.
The orc priest is heavily wounded.
The orc priest casts a cantrip, but nothing happens.
You closely miss the orc priest.
The orc priest is heavily wounded.
The orc priest closely misses you.
You barely miss the orc priest.
The orc priest is heavily wounded.
The orc priest hits you but does no damage.
You hit the orc priest. You burn the orc priest.
The orc priest is severely wounded.
The orc priest hits you with a +0 trident.
* * * LOW HITPOINT WARNING * * *
You hit the orc priest. You burn the orc priest.
The orc priest is almost dead.
The orc priest mumbles some strange prayers to Beogh against you.
Beogh smites you!
You die...

* #.# * #o#
, #.# *, #o#
, , , * ##.#
#.# * *
##.#.##.#
##.###.#.#
#.## ##o.#
##.###@#.#
##)#.##.#
##).###.# *
#...###.####
#..........#
#...###.##.#
##
########.#*
# .##
#........#*
* ..####
#.######## ,


You could see an orc priest.

Vanquished Creatures
  Natasha (D:3)
  An orc wizard (D:4)
  2 adders
  A dart slug (D:1)
  4 orcs
  3 ball pythons
  2 endoplasms
  4 giant cockroaches
  9 goblins
  4 hobgoblins
  8 jackals
  2 quokkas (D:2)
  2 frilled lizards
  3 kobolds
  4 rats
50 creatures vanquished.

Notes
Turn   | Place    | Note
-------+----------+-------------------------------------------
     0 | D:1      | Ajdolov the Mayflytaur Cinder Acolyte began the quest for
                  | the Orb.
     0 | D:1      | Reached XP level 1. HP: 21/21 MP: 3/3
    62 | D:1      | Reached XP level 2. HP: 24/28 MP: 5/5
    91 | D:1      | Glimpsed the power of Zot.
   239 | D:2      | Reached skill level 5 in Maces & Flails
   244 | D:2      | Reached XP level 3. HP: 29/36 MP: 6/6
   471 | D:3      | Reached XP level 4. HP: 44/44 MP: 7/7
   576 | D:3      | Noticed Natasha
   579 | D:3      | Killed Natasha
   580 | D:3      | Reached skill level 6 in Maces & Flails
   651 | D:4      | Found a glowing silver altar of Zin.
   653 | D:4      | Found a radiant altar of Vehumet.
   656 | D:4      | Found a shadowy altar of Dithmenos.
   659 | D:4      | Found a broken altar of Ashenzari.
   660 | D:4      | Found an iron altar of Okawaru.
   664 | D:4      | Found a burning altar of Makhleb.
   664 | D:4      | Found a glowing golden altar of the Shining One.
   665 | D:4      | Found a shimmering altar of Xom.
   670 | D:4      | Found a white marble altar of Elyvilon.
   671 | D:4      | Found an opulent altar of Gozag.
   675 | D:4      | Found a sacrificial altar of Ru.
   901 | D:4      | Reached XP level 5. HP: 19/51 MP: 8/8
   928 | D:4      | Killed from afar by an orc priest

Illustrated notes

Levels and vault maps discovered:
D:1:      dpeg_arrival_arbitrary_a, layout_basic, serial_shops, shop,
          hellmonk_ecumenical_altar_leap_of_faith, skrybe_limestone_x
D:2:      layout_rooms
D:3:      layout_loops_ring, minmay_misc_feat_enclosed, grunt_ministairs_1,
          uniq_natasha
D:4:      layout_loops_ring, nicolae_overflow_hallway_of_the_gods

Skill      XL: |  1  2  3  4 |
---------------+-------------+-----
Maces & Flails | 5 6 |  6.6
Fighting       | 4 |  4.4
Spellcasting   | |  1.3
Fire Magic     | |  3.2

Action                   |  1- 3 |  4- 6 || total
-------------------------+-------+-------++-------
Melee: Mace              |   116 |    86 ||   202
       Punch             |     1 |     1 ||     2
  Use: Potion            |       |     1 ||     1
Armor: Robe              |    26 |       ||    26
       Leather armour    |    13 |     1 ||    14
       Ring mail         |       |    43 ||    43
Dodge: Dodged            |    88 |    39 ||   127

Table legend: (Time is in decaauts)
 A = Elapsed time spent in this place.
 B = Non-inter-level travel time spent in this place.
 C = Inter-level travel time spent in this place.
 D = Time resting spent in this place.
 E = Time spent auto-exploring this place.
 F = Levels seen in this place.
 G = Mean time per level.
                   A        B        C        D        E       F      G
               +--------+--------+--------+--------+--------+-----+--------+
         Total |    953 |    953 |      0 |      4 |     93 |   4 |  238.2 |
       Dungeon |    953 |    953 |      0 |      4 |     93 |   4 |  238.2 |
               +--------+--------+--------+--------+--------+-----+--------+

Top non-repeatable levels by time:
     D:4: 294 daAuts
     D:3: 249 daAuts
     D:1: 220 daAuts
     D:2: 188 daAuts
